cohdb
Replays
Latest Replays
All Replays
Popular Replays
Top Player Replays
Match Explorer
How It Works
Community
CoH3 Stats
Reddit
Sign in to upload your games and track your stats! →
Sign in with Steam
Match 43465770
Unlisted
Match 43465770
Overview
Messages
Build Orders
End
Panzergrenadier Squad
Selects Panzerjäger Kommand Battlegroup
Panzerpioneer Squad
Selects Mine Fields
250 Light Carrier
Construct Light Support Kompanie
2.5-tonne Medical Truck
Selects Defensive Positions
Fire Support Elements
Assault Mechanized Group
Pak 38 Anti-tank Gun Team
Flakvierling Half-track
Selects Tank Busters
Advanced Field Repairs
Selects Butterfly Bomb Drop
Butterfly Bomb Drop
Construct Panzerarmee Kommand
Vehicle Survival Package
MG34 Team
Panzerjäger Mechanized Group
Selects Crew Shock Tactics
Panzer III L Medium Tank
Armored Reserves
Panzer IV Assault Group
Tungsten Core Ammunition
Selects Anti-tank Overwatch
Crew Shock Tactics
Rapid Advance
bigcheese
엔셀라
CuteBaguettE
MrKindCookie
0
0
Comments
sign in to comment!
No comments posted yet!